 Dungeon Crawl Stone Soup version 0.30.1-11-g7821555f0a (webtiles) character file.

Game seed: 6959618025310687139

64 Ijustatesigmund the Magician (level 3, -4/20 HPs)
             Began as a Deep Elf Fire Elementalist on Dec 14, 2023.
             Slain by Natasha (6 damage)
             ... on level 2 of the Dungeon.
             The game lasted 00:02:26 (1755 turns).

Ijustatesigmund the Magician (DEFE)                 Turns: 1755, Time: 00:02:28

Health: -4/20      AC:  3    Str:  5    XL:     3   Next: 91%
Magic:  4/10       EV: 12    Int: 21    God:
Gold:   55         SH:  0    Dex: 15    Spells: 7/10 levels left

rFire   . . .        i - +0 flail
rCold   + . .        (no shield)
rNeg    . . .        a - +1 robe {rC+}
rPois   .            (no helmet)
rElec   .            (no cloak)
rCorr   .            (no gloves)
SInv    .            (no boots)
Will    .....        (no amulet)
Stlth   ++           (no ring)
HPRegen 0.23/turn    (no ring)
MPRegen 0.12/turn

%: no passive effects
@: no status effects
A: no striking features
a: no special abilities


You were on level 2 of the Dungeon.
You visited 1 branch of the dungeon, and saw 2 of its levels.

You collected 55 gold pieces.

Inventory:

Hand Weapons
 i - a +0 flail (weapon)
Armour
 a - a +1 robe of cold resistance (worn)
Scrolls
 e - 3 scrolls of magic mapping {unknown}
 h - a scroll of identify {unknown}
 k - a scroll of vulnerability {unknown}
 l - a scroll of fear {unknown}
Potions
 b - a potion of magic
 c - a potion of mutation {unknown}
 d - a potion of attraction {unknown}
 f - a potion of lignification {unknown}
 g - 2 potions of haste {unknown}
 j - a potion of curing {unknown}


   Skills:
 + Level 1.5 Fighting
 - Level 2.4 Dodging
 - Level 2.4 Stealth
 + Level 4.1 Spellcasting
 - Level 1.1 Conjurations
 + Level 4.0 Fire Magic


You had 7 spell levels left.
You knew the following spells:

 Your Spells              Type           Power      Damage    Failure   Level
a - Foxfire               Conj/Fire      60%        2x1d7     4%          1
b - Scorch                Fire           42%        2d6       3%          2

Your spell library contained the following spells:

 Spells                   Type           Power      Damage    Failure   Level
 Inner Flame              Hex/Fire       12%        N/A       16%         3
 Volatile Blastmotes      Fire/Tloc      24%        2d12      16%         3
 Flame Wave               Conj/Fire      15%        2d7       38%         4


Dungeon Overview and Level Annotations

Branches:
Dungeon (2/15)

Altars:

Annotations:
D:2 Natasha


Message History

You conjure some foxfire!
The foxfire hits Natasha.
Natasha is lightly wounded.
The foxfire hits Natasha but does no damage.
Natasha is lightly wounded.
Natasha wildly gestures.
Natasha's front paws start to glow.
The frilled lizard hisses.
Casting: Foxfire (safe; 4% risk of failure)
Confirm with . or Enter, or press ? or * to list all spells.
Flames lash the cerulean imp.
The cerulean imp is moderately wounded.
The cerulean imp's fire resistance burns away.
Natasha wildly gestures.
Natasha shimmers violently.
Natasha claws you. The cerulean imp misses you.
Natasha hisses.
Natasha claws you. The cerulean imp completely misses you.
Casting: Scorch (safe; 3% risk of failure)
Confirm with . or Enter, or press ? or * to list all spells.
Flames lash the rat.
You kill the rat!
You hear an angry hiss.
Natasha claws you!
* * * LOW HITPOINT WARNING * * *
A ball python comes into view.
The cerulean imp hits you from afar with a +1 spear.
* * * LOW HITPOINT WARNING * * *
Casting: Scorch (safe; 3% risk of failure)
Confirm with . or Enter, or press ? or * to list all spells.
You conjure some foxfire!
Natasha claws you but does no damage.
The cerulean imp hits you from afar with a +1 spear.
* * * LOW HITPOINT WARNING * * *
The cerulean imp is no longer more vulnerable to fire.
The foxfire hits Natasha.
Natasha is moderately wounded.
The foxfire hits Natasha.
Natasha is moderately wounded.
Natasha claws you.
You die...

. .. ##. #
l. #. S#
#.###5######
#...h..)...#
#.@.#..#
#.###..# #.#
#†.#
#.###.###..#
#.>........#
########...#
#.....<.#
#.###.###
#.#


You could see Natasha, a cerulean imp (summoned), a ball python and a frilled
lizard.

Vanquished Creatures
  2 gnolls (D:1)
  An adder (D:2)
  A dart slug (D:1)
  3 endoplasms
  2 giant cockroaches (D:1)
  3 goblins (D:1)
  3 hobgoblins (D:1)
  3 quokkas (D:1)
  2 ball pythons
  3 bats (D:1)
  4 frilled lizards (D:1)
  3 kobolds (D:1)
  4 rats
34 creatures vanquished.

Vanquished Creatures (others)
  84 foxfires
84 creatures vanquished.

Grand Total: 118 creatures vanquished

Notes
Turn   | Place    | Note
-------+----------+-------------------------------------------
     0 | D:1      | Ijustatesigmund the Deep Elf Fire Elementalist began the
                  | quest for the Orb.
     0 | D:1      | Reached XP level 1. HP: 10/10 MP: 6/6
   340 | D:1      | Reached XP level 2. HP: 16/16 MP: 4/8
   833 | D:1      | Reached skill level 1 in Fighting
   861 | D:1      | Learned a level 2 spell: Scorch
  1144 | D:1      | Reached XP level 3. HP: 20/20 MP: 6/10
  1744 | D:2      | Noticed Natasha
  1755 | D:2      | Slain by Natasha

Illustrated notes

Levels and vault maps discovered:
D:1:      minmay_arrival_glassed_features, layout_loops_ring,
          roderic_serpentine_path, corexii_hall_statues_i, minmay_statues_item
D:2:      layout_basic, serial_shops, shop, interstate_on_off, uniq_natasha

Skill      XL: |  1  2  3 |
---------------+----------+-----
Fighting       | 1 |  1.5
Spellcasting   | 4 |  4.1
Fire Magic     | 4 |  4.0
Dodging        | |  2.4
Stealth        | |  2.4
Conjurations   | |  1.1

Action                     || total
---------------------------++-------
   Cast: Foxfire           ||    53
         Scorch            ||    12
 Armour: Robe              ||     9
  Dodge: Dodged            ||    20
